 Dungeon Crawl Stone Soup version 0.29-a0-323-g050149af67 (webtiles) character file.

Game seed: 14768418606158238274

5124 Essalna the Nimble (level 10, 0/75 HPs)
             Began as a Djinni Conjurer on Apr 11, 2022.
             Was a Believer of Makhleb.
             Slain by a boulder beetle (54 damage)
             ... on level 7 of the Dungeon.
             The game lasted 00:17:13 (8581 turns).

Essalna the Nimble (Djinni Conjurer)                Turns: 8581, Time: 00:17:13

Health: 0/75       AC:  8    Str:  6    XL:     10   Next: 88%
Gold:   269        EV: 16    Int: 33    God:    Makhleb [**....] SH:  0 Dex:  7

rFire   + + +      SeeInvis .   l - +7 dagger of the Land of Plenty {freeze, rF+ Int+2}
rCold   x . .      Faith    .   (no shield)
rNeg    . . .      Spirit   .   h - +3 leather armour "Rasol" {Int+7 Dex-5}
rPois   ∞          Reflect  .   (no helmet)
rElec   .          Harm     .   A - +0 cloak
rCorr   .          Rampage  .   (no gloves)
Will    +....                   (boots unavailable)
Stlth   +.........              (no amulet)
HPRegen 0.22/turn               q - +4 ring of evasion
MPRegen 0.00/turn               G - ring of wizardry

@: flying
A: sickness immunity, fire resistance 2, cold vulnerability 1, float, innate
caster, HP casting, extra vitality 1
a: Renounce Religion, Minor Destruction


You were on level 7 of the Dungeon.
You worshipped Makhleb.
Makhleb was pleased with you.
You visited 1 branch of the dungeon, and saw 7 of its levels.

You collected 269 gold pieces.

Inventory:

Hand Weapons
 l - the +7 dagger of the Land of Plenty (weapon) {freeze, rF+ Int+2}
   (You found it on level 2 of the Dungeon)

   It freezes those it strikes, dealing additional cold damage.
   It can also slow down cold-blooded creatures.
   Int:       It affects your intelligence (+2).
   rF:        It protects you from fire.
Missiles
 I - 2 throwing nets
Armour
 a - a +0 robe
 h - the +3 leather armour "Rasol" (worn) {Int+7 Dex-5}
   (You found it on level 2 of the Dungeon)

   Int:       It affects your intelligence (+7).
   Dex:       It affects your dexterity (-5).
 s - a +1 robe of fire resistance
 A - a +0 cloak (worn)
Magical Staves
 c - a staff of cold
 e - a staff of fire
Jewellery
 q - a +4 ring of evasion (left hand)
 G - a ring of wizardry (right hand)
Wands
 p - a wand of flame (39)
 v - a wand of digging (2)
Scrolls
 b - 2 scrolls of vulnerability {unknown}
 d - a scroll of fear {unknown}
 f - a scroll of summoning {unknown}
 j - 5 scrolls of identify {unknown}
 k - a scroll of immolation {unknown}
 n - a scroll of noise {unknown}
 o - 2 scrolls of enchant weapon {unknown}
 w - 3 scrolls of teleportation {unknown}
 x - a scroll of holy word {unknown}
 y - a scroll of blinking {unknown}
 C - a scroll of silence {unknown}
 E - a scroll of amnesia {unknown}
 H - a scroll of brand weapon {unknown}
Potions
 g - 3 potions of flight {unknown}
 i - 6 potions of curing {unknown}
 m - a potion of haste {unknown}
 r - a potion of might {unknown}
 t - a potion of degeneration {unknown}
 u - 3 potions of mutation {unknown}
 z - a potion of experience {unknown}
 B - 2 potions of brilliance {unknown}
 D - 2 potions of cancellation {unknown}
 F - a potion of berserk rage {unknown}
 J - a potion of lignification {unknown}


   Skills:
 + Level 7.3 Fighting
 + Level 7.3 Armour
 + Level 8.4 Dodging
 - Level 1.5 Stealth
 + Level 7.3 Spellcasting


You couldn't memorise any spells.
You knew the following spells:

 Your Spells              Type           Power      Damage    Failure   Level
a - Magic Dart            Conj           100%       1d8       1%          1
b - Searing Ray           Conj           100%       2d8       1%          2
c - Dazzling Flash        Conj/Hex       100%       N/A       1%          3
d - Fulminant Prism       Conj/Hex       28%        3d14      1%          4
e - Iskenderun's Mystic   Conj/Tloc      57%        2d12      1%          4
f - Shock                 Conj/Air       100%       1d9       1%          1
g - Call Imp              Summ           57%        N/A       1%          2
h - Gell's Gravitas       Tloc           57%        N/A       1%          3
i - Conjure Flame         Conj/Fire      57%        6-21      1%          3
Your spell library was empty.

Dungeon Overview and Level Annotations

Branches:
Dungeon (7/15)
 Temple: D:4-7

Altars:
Gozag
Makhleb
Okawaru
Wu Jian
Zin
The Shining One


Innate Abilities, Weirdness & Mutations

You are immune to sickness and miasma.
You are immune to poison.
Your flesh is very heat resistant. (rF++)
You are vulnerable to cold. (rC-)
You float through the air rather than walking.
You learn spells naturally, not from books.
Your magical power is your life essence.
You have superior vitality. (+4 MHP)


Message History

The mystic blast hits the boulder beetle!
The boulder beetle is moderately wounded.
The boulder beetle is knocked back by the mystic blast.
The boulder beetle slams into the stone wall!
The boulder beetle is moderately wounded.
The mystic blast hits the steam dragon!
You kill the steam dragon!
Makhleb accepts your kill.
The steam dragon scales are intact enough to wear.
The mystic blast hits the deep elf pyromancer!
The deep elf pyromancer is moderately wounded.
The deep elf pyromancer is knocked back by the mystic blast.
The deep elf pyromancer slams into the stone wall!
The deep elf pyromancer is moderately wounded.
The boulder beetle curls into a ball and begins rolling!
Casting: Iskenderun's Mystic Blast (dangerous; 1% risk of failure)
Confirm with . or Enter, or press ? or * to list all spells.
You erupt in a blast of force!
The mystic blast hits the boulder beetle but does no damage.
The boulder beetle is moderately wounded.
The mystic blast hits the deep elf pyromancer!
The deep elf pyromancer is severely wounded.
The deep elf pyromancer is knocked back by the mystic blast.
The deep elf pyromancer slams into the stone wall!
You kill the deep elf pyromancer!
Makhleb accepts your kill.
The fire elemental disappears in a puff of smoke!
Casting: Iskenderun's Mystic Blast (dangerous; 1% risk of failure)
Confirm with . or Enter, or press ? or * to list all spells.
You erupt in a blast of force!
The mystic blast hits the deep elf pyromancer!!
The deep elf pyromancer is heavily wounded.
The deep elf pyromancer is knocked back by the mystic blast.
The deep elf pyromancer slams into the stone wall!
The deep elf pyromancer is heavily wounded.
The mystic blast hits the boulder beetle but does no damage.
The boulder beetle is moderately wounded.
The boulder beetle hits you!!!
Ouch! That really hurt!
You die...

♣ . ## .♣♣ #. ..♣
#. ♣.♣♣ #.
##♣+♣##♣...♣# #.
♣.#).@B°#.≈≈≈.#hP
#.
..l.§..8.e'.≈≈≈...P
#.
♣♣♣○#..>.[#.≈≈≈.#.P
#. ♣. ##♣'♣##♣...♣#
#. #.♣.♣.# ♣.♣♣ #.
#♣.♣.♣# ..♣ #.
#.♣.♣.# .♣♣ #.
#♣.♣.♣# . #.
#.♣.♣.# ♣ #.


You could see a boulder beetle (rolling), a deep elf pyromancer and a basilisk.

Vanquished Creatures
  A deep elf pyromancer (D:7)
  A gargoyle (D:7)
  Maggie (D:6)
  A hornet (D:7)
  Sigmund (D:3)
  A wyvern (D:7)
  A wraith (D:5)
  A steam dragon (D:7)
  2 sky beasts
  4 black bears
  An orc warrior (D:7)
  An ice beast (D:7)
  2 ogres
  2 centaurs
  A phantom (D:7)
  2 kobold brigands
  4 bullfrogs
  A necrophage (D:7)
  A gnoll sergeant (D:7)
  6 scorpions
  9 wights
  A howler monkey (D:7)
  A gnoll shaman (D:7)
  6 jellies
  Crazy Yiuf (D:3)
  3 hounds
  7 iguanas
  Ijyb (D:3)
  3 orc wizards
  5 gnolls
  7 adders
  A shadow imp (D:7)
  A white imp (D:6)
  An ufetubus (D:5)
  3 worms
  9 orcs
  6 endoplasms
  2 giant cockroaches
  10 goblins
  10 hobgoblins
  2 jackals (D:1)
  2 quokkas
  7 ball pythons
  7 bats
  A frilled lizard (D:1)
  27 kobolds
  7 rats
175 creatures vanquished.

Vanquished Creatures (others)
  2 fulminant prisms (D:6)
  22 plants
24 creatures vanquished.

Grand Total: 199 creatures vanquished

Notes
Turn   | Place    | Note
-------+----------+-------------------------------------------
     0 | D:1      | Essalna the Djinni Conjurer began the quest for the Orb.
     0 | D:1      | Reached XP level 1. HP: 15/15 MP: 0/0
   221 | D:1      | Found a faded altar of an unknown god.
   225 | D:1      | Reached XP level 2. HP: 18/21 MP: 0/0
   495 | D:1      | Reached XP level 3. HP: 18/25 MP: 0/0
   495 | D:1      | Learned a level 1 spell: Shock
  1356 | D:2      | Reached XP level 4. HP: 28/31 MP: 0/0
  1500 | D:2      | Identified the +3 leather armour "Rasol" {Int+7 Dex-5}
  1612 | D:2      | Found an opulent altar of Gozag.
  1945 | D:2      | Identified the +7 dagger of the Land of Plenty {freeze, rF+
                  | Int+2}
  2361 | D:3      | Noticed Ijyb
  2373 | D:4      | Reached XP level 5. HP: 34/36 MP: 0/0
  2373 | D:4      | Learned a level 2 spell: Call Imp
  2414 | D:4      | Reached skill level 1 in Fighting
  2414 | D:4      | Reached skill level 1 in Armour
  2569 | D:4      | Reached XP level 6. HP: 41/42 MP: 0/0
  2575 | D:4      | Noticed a black bear
  2582 | D:4      | Killed a black bear
  2583 | D:4      | Reached skill level 3 in Dodging
  2589 | D:5      | Entered Level 5 of the Dungeon
  2649 | D:5      | Noticed a sky beast
  2656 | D:5      | Killed a sky beast
  2657 | D:5      | Reached XP level 7. HP: 33/49 MP: 0/0
  2657 | D:5      | Learned a level 3 spell: Gell's Gravitas
  2765 | D:4      | Reached skill level 5 in Spellcasting
  3025 | D:4      | Reached skill level 4 in Dodging
  3125 | D:4      | Reached XP level 8. HP: 17/56 MP: 0/0
  3516 | D:4      | Found an ornate altar of the Wu Jian Council.
  4172 | D:4      | Found a glowing silver altar of Zin.
  4173 | D:4      | Found an opulent altar of Gozag.
  4174 | D:4      | Found a burning altar of Makhleb.
  4175 | D:4      | Found a glowing golden altar of the Shining One.
  4183 | D:4      | Became a worshipper of Makhleb the Destroyer
  4411 | D:3      | Noticed Sigmund
  4419 | D:3      | Killed Sigmund
  4420 | D:3      | Reached skill level 5 in Dodging
  4911 | D:3      | Killed Ijyb
  5201 | D:3      | Found a runed translucent door.
  5202 | D:3      | Noticed Crazy Yiuf
  5208 | D:3      | Killed Crazy Yiuf
  5574 | D:5      | Noticed a wraith
  5582 | D:5      | Killed a wraith
  5583 | D:5      | Reached XP level 9. HP: 41/63 MP: 0/0
  5583 | D:5      | Learned a level 3 spell: Conjure Flame
  5703 | D:5      | Found an iron altar of Okawaru.
  6056 | D:5      | Reached skill level 6 in Dodging
  6147 | D:5      | Reached skill level 5 in Fighting
  6147 | D:5      | Reached skill level 5 in Armour
  6147 | D:5      | Reached * piety under Makhleb
  7259 | D:6      | Identified the +3 dagger of Reason {drain, Stlth+}
  7585 | D:6      | Noticed Maggie
  7601 | D:6      | Killed Maggie
  7602 | D:6      | Reached skill level 7 in Dodging
  7602 | D:6      | Reached XP level 10. HP: 53/72 MP: 0/0
  7934 | D:7      | Noticed a six-headed hydra
  8154 | D:7      | Noticed a gargoyle
  8161 | D:7      | Killed a gargoyle
  8410 | D:7      | Noticed a deep elf pyromancer
  8418 | D:7      | Noticed a deep elf pyromancer
  8422 | D:7      | Reached skill level 8 in Dodging
  8573 | D:7      | Noticed a boulder beetle
  8575 | D:7      | Reached ** piety under Makhleb
  8580 | D:7      | Killed a deep elf pyromancer
  8581 | D:7      | Slain by a boulder beetle

Illustrated notes

Levels and vault maps discovered:
D:1:      eino_arrival_tree_alley, layout_basic,
          chequers_ecumenical_altar_island, minmay_tree_intersection
D:2:      layout_loops_ring, basic_altar
D:3:      layout_basic, uniq_ijyb, uniq_crazy_yiuf_cottage, uniq_sigmund
D:4:      kennysheep_kobold_camp, layout_basic,
          pdpol_wu_jian_five_deadly_venoms, mainiacjoe_overflow_alcove_3
D:5:      minmay_chambers_of_threes, layout_loops_ring, okawaru_metal_pillars_3
D:6:      layout_loops_ring, uniq_maggie
D:7:      nzn_winding_woodlands_stair_cross
          [nzn_winding_woodlands_5x15_river_crossing,
          nzn_winding_woodlands_center_diamonds,
          nzn_winding_woodlands_5x15_pockets, nzn_winding_woodlands_5x5_default,
          nzn_winding_woodlands_5x5_checkerboard,
          nzn_winding_woodlands_5x15_pool, nzn_winding_woodlands_center_garden,
          nzn_winding_woodlands_5x15_split_checker], layout_basic,
          minmay_temple_entry_statues_fountains, serial_co_window_serial,
          co_window_paths_a, co_window_cross_1, co_window_cross_1,
          co_window_corner_a, co_window_paths_b, co_window_corner_a,
          co_window_paths_a, co_window_corner_ca, co_window_of_opportunity_b,
          co_window_corner_b, chequers_serial_rivers_room_b

Skill      XL: |  1  2  3  4  5  6  7  8  9 10 |
---------------+-------------------------------+-----
Spellcasting   | 4 5 6 7 |  7.3
Fighting       | 1 2 3 4 6 7 |  7.3
Armour         | 1 2 3 4 6 7 |  7.3
Dodging        | 3 4 5 7 8 |  8.4
Stealth        | |  1.5

Action                   |  1- 3 |  4- 6 |  7- 9 | 10-12 || total
-------------------------+-------+-------+-------+-------++-------
Melee: Dagger            |       |       |    17 |       ||    17
 Cast: Magic Dart        |    55 |    59 |   135 |    12 ||   261
       Searing Ray       |     1 |     5 |    30 |     7 ||    43
       Iskenderun's Myst |       |       |    10 |    27 ||    37
       Gell's Gravitas   |       |       |     1 |       ||     1
       Shock             |       |       |     1 |       ||     1
       Fulminant Prism   |       |       |     2 |       ||     2
Armor: Leather armour    |       |     4 |    21 |     5 ||    30
Dodge: Dodged            |     6 |     9 |    53 |    23 ||    91

Table legend: (Time is in decaauts)
 A = Elapsed time spent in this place.
 B = Non-inter-level travel time spent in this place.
 C = Inter-level travel time spent in this place.
 D = Time resting spent in this place.
 E = Time spent auto-exploring this place.
 F = Levels seen in this place.
 G = Mean time per level.
                   A        B        C        D        E       F      G
               +--------+--------+--------+--------+--------+-----+--------+
         Total |   8580 |   8388 |    192 |    145 |   7330 |   7 | 1225.7 |
       Dungeon |   8580 |   8388 |    192 |    145 |   7330 |   7 | 1225.7 |
               +--------+--------+--------+--------+--------+-----+--------+

Top non-repeatable levels by time:
     D:4: 1875 daAuts
     D:5: 1657 daAuts
     D:1: 1293 daAuts
     D:3: 1273 daAuts
     D:6: 1255 daAuts
     D:2: 703 daAuts
     D:7: 523 daAuts
